 Dungeon Crawl Stone Soup version 0.30-a0-986-g7f2e898f52 (webtiles) character file.

Game seed: 15317880413155073938

10 Zonian the Ruffian (level 2, 0/15 HPs)
             Began as a Vine Stalker Gladiator on Apr 2, 2023.
             Succumbed to a kobold's poison
             ... on level 1 of the Dungeon.
             The game lasted 00:00:46 (120 turns).

Zonian the Ruffian (Vine Stalker Gladiator)          Turns: 120, Time: 00:00:46

Health: 0/15       AC:  3    Str: 16    XL:     2   Next: 20%
Magic:  2/3        EV: 12    Int:  8    God:
Gold:   27         SH:  0    Dex: 15    Spells: 1/1 levels left

rFire   . . .      SeeInvis .      - Unarmed
rCold   . . .      Faith    .    (no shield)
rNeg    . . .      Spirit   +    a - +0 leather armour
rPois   .          Reflect  .    (helmet restricted)
rElec   .          Rampage  .    (no cloak)
rCorr   .                        (no gloves)
Will    .....                    (no boots)
Stlth   +                        (no amulet)
HPRegen 0.22/turn                (no ring)
MPRegen 0.08/turn                (no ring)

@: lethally poisoned (0 -> -1), attractive
A: fangs 2, magic shield, antimagic bite, no potion heal 2, horns 1
a: no special abilities


You were on level 1 of the Dungeon.
You visited 1 branch of the dungeon, and saw 1 of its levels.

You collected 27 gold pieces.

Inventory:

Missiles
 c - 5 throwing nets (quivered)
 d - a javelin
Armour
 a - a +0 leather armour (worn)
 b - a +0 helmet


   Skills:
 + Level 2.0 Fighting
 + Level 2.0 Throwing
 + Level 2.5 Dodging
 + Level 3.1 Unarmed Combat


You had one spell level left.
You didn't know any spells.
Your spell library contained the following spells:

 Spells                   Type           Power      Damage    Failure   Level
 Kiss of Death            Conj/Necr      0%         2d5       47%         1
 Fireball                 Conj/Fire      0%         3d3       100%        5
 Freezing Cloud           Conj/Ice/Air   0%         6-21      100%        5
 Iron Shot                Conj/Erth      0%         9d1       100%        6


Dungeon Overview and Level Annotations

Branches:
Dungeon (1/15)

Altars:


Innate Abilities, Weirdness & Mutations

You have extremely sharp teeth.
When hurt, damage is shared between your health and your magic reserves.
Your bite disrupts and absorbs the magic of your enemies.
Potions cannot restore your health.
You have a pair of small horns on your head.


Message History

You see here a +0 club.
You barely miss the kobold. Your bite misses the kobold.
The kobold barely misses you.
You hit the kobold but do no damage. The kobold barely misses you.
You miss the kobold.
The kobold hits you with a +2 short sword of venom.
You are lethally poisoned!
You closely miss the kobold.
You feel very sick. The kobold barely misses you.
You hit the kobold. You bite the kobold.
You kill the kobold!
You feel very sick.
Unknown command.
You feel sick.
You see here a ball python corpse.
You feel sick.
It was a potion of mutation.
You feel extremely strange. A pair of horns grows on your head!
Your +0 helmet falls away!
* * * LOW HITPOINT WARNING * * *
You feel sick.
It was a potion of attraction.
You feel attractive to monsters.
* * * LOW HITPOINT WARNING * * *
You feel sick.
You aren't carrying any scrolls.
* * * LOW HITPOINT WARNING * * *
You feel sick.
* * * LOW HITPOINT WARNING * * *
You feel sick.
You see here a scroll labelled ODIULOYVUT.
Blink to where?
Press: ? - help, Dir - move target
As you read the scroll labelled ODIULOYVUT, it crumbles to dust.
It was a scroll of blinking.
* * * LOW HITPOINT WARNING * * *
You feel sick.
Unknown command.
You die...

.... #..###.[## ...# ##
##.## ...## .. #..#
##$..######.# ##.## #
#..#........# #..#
#.#..#........# #.## .
#)))†#.......# #.# .#
####.#....)..#####.##.#
#........@...).....#
#§........#.....#####
###.......###........
#####.### #.####### #.#
##†# #.####..####
#..........#
##.........#
#.........#


There were no monsters in sight!

Vanquished Creatures
  2 endoplasms (D:1)
  2 goblins (D:1)
  2 kobolds (D:1)
  A quokka (D:1)
  A ball python (D:1)
8 creatures vanquished.

Notes
Turn   | Place    | Note
-------+----------+-------------------------------------------
     0 | D:1      | Zonian the Vine Stalker Gladiator began the quest for the
                  | Orb.
     0 | D:1      | Reached XP level 1. HP: 11/11 MP: 2/2
    86 | D:1      | Reached XP level 2. HP: 15/15 MP: 3/3
    90 | D:1      | Got the Codex of Hurting
   115 | D:1      | Gained mutation: You have a pair of small horns on your
                  | head. [potion of mutation]
   120 | D:1      | Succumbed to a kobold's poison

Illustrated notes

Levels and vault maps discovered:
D:1:      minmay_arrival_diagonal_passages, layout_rooms, minmay_tromino_v2

Skill      XL: |  1  2 |
---------------+-------+-----
Fighting       | 2 |  2.0
Throwing       | 2 |  2.0
Dodging        | |  2.5
Unarmed Combat | |  3.1

Action                     || total
---------------------------++-------
  Melee: Unarmed           ||    15
         Bite              ||     3
         Punch             ||     1
    Use: Potion            ||     2
         Scroll            ||     1
 Armour: Leather armour    ||     1
  Dodge: Dodged            ||     3

Table legend: (Time is in decaauts)
 A = Elapsed time spent in this place.
 B = Non-inter-level travel time spent in this place.
 C = Inter-level travel time spent in this place.
 D = Time resting spent in this place.
 E = Time spent auto-exploring this place.
 F = Levels seen in this place.
 G = Mean time per level.
                   A        B        C        D        E       F      G
               +--------+--------+--------+--------+--------+-----+--------+
         Total |    119 |    119 |      0 |      0 |     76 |   1 |  119.0 |
       Dungeon |    119 |    119 |      0 |      0 |     76 |   1 |  119.0 |
               +--------+--------+--------+--------+--------+-----+--------+

Top non-repeatable levels by time:
     D:1: 119 daAuts
